 Dungeon Sprint DCSS version 0.31.0-12-g77e489cdc1 (webtiles) character file.

Game seed: 14589927680405674628

28646 Groucho the Tortoise (level 13, -4/96 HPs)
             Began as a Gargoyle Fighter on Feb 21, 2024.
             Was the Champion of Qazlal.
             Slain by a steelbarb worm (14 damage)
             ... in the Dungeon (Sprint IX: "|||||||||||||||||||||||||||||").
             The game lasted 00:10:49 (4336 turns).

Groucho the Tortoise (Gargoyle Fighter)             Turns: 4336, Time: 00:10:50

Health: -4/96      AC:  1    Str: 32    XL:     13   Next: 40%
Magic:  8/25       EV: 11    Int: 17    God:    Qazlal [******]
Gold:   33         SH: 16    Dex:  9    Spells: 12/12 levels left

rFire   . . .        m - +2 morningstar (protect)
rCold   . . .        c - +0 buckler
rNeg    + . .        w - +1 plate armour {Will+}
rPois   ∞            A - +1 helmet {SInv}
rElec   +            p - +0 cloak of Malioqi {Will- Str+9 Int+6}
rCorr   .            B - +1 pair of gloves
SInv    +            a - +0 pair of boots
Will    +....        u - amulet of the acrobat Stlth
                     b - +2 ring of evasion
HPRegen 0.36/turn    v - ring of willpower
MPRegen 0.19/turn

%: no teleportation, repel missiles, acrobat
@: spiked, corroded
A: sickness immunity, AC +9, negative energy resistance 1, electricity
resistance, torment resistance 1, petrification resistance
a: Renounce Religion, Upheaval, Elemental Force, Disaster Area


You were in the Dungeon.
You worshipped Qazlal.
Qazlal was exalted by your worship.
You visited 1 branch You collected 1923 gold pieces.
You spent 1890 gold pieces at shops.

Inventory:

Hand Weapons
 m - a +2 morningstar of protection (weapon)
Armour
 a - a +0 pair of boots (worn)
 c - a +0 buckler (worn)
 p - the +0 cloak of Malioqi (worn) {Will- Str+9 Int+6}
   (You bought it in a shop in the Dungeon)

   Str+9:     It affects your strength (+9).
   Int+6:     It affects your intelligence (+6).
   Will-:     It decreases your willpower.
 t - the +4 plate armour "Loplicem" {rPois MP+9 Str+3}
   (You found it in the Dungeon)

   Str+3:     It affects your strength (+3).
   rPois:     It protects you from poison MP+9: It affects your magic capacity
   (+9).
 w - a +1 plate armour of willpower (worn)
 A - a +1 helmet of see invisible (worn)
 B - a +1 pair of gloves (worn)
Jewellery
 b - a +2 ring of evasion (left hand)
 o - a ring of willpower
 u - an amulet of the acrobat (around neck)
 v - a ring of willpower (right hand)
 x - a ring of ice
 y - a ring of fire
 z - a ring of protection from fire
Wands
 l - a wand of light (10)
Scrolls
 g - a scroll of fog
 j - 2 scrolls of blinking
 k - 2 scrolls of amnesia
 q - 4 scrolls of enchant weapon
 r - 3 scrolls of identify
 s - a scroll of silence
 C - 2 scrolls of fear
Potions
 d - 2 potions of berserk rage
 e - 6 potions of curing
 f - 3 potions of haste
 h - 4 potions of magic
 i - a potion of heal wounds
 n - 2 potions of might


   Skills:
 + Level 17.5 Fighting
 + Level 16.0 Maces & Flails
 + Level 17.5 Armour
 + Level 3.5 Dodging
 + Level 17.4 Shields
 + Level 17.1 Invocations


You had 12 spell levels left.
You didn't know any spells.
Your spell library was empty.

Dungeon Overview and Level Annotations

Branches:
Dungeon (1/1)

Altars:
Cheibriados
Dithmenos
Elyvilon
Fedhas
Gozag
Hepliaklqana
Kikubaaqudgha
Makhleb
Nemelex Xobeh
Okawaru
Qazlal
Ru
Sif Muna
Trog
Uskayaw
Vehumet
Wu Jian
Xom
Yredelemnul
Zin
The Shining One
Jiyva
Lugonu

Shops:
D !=[[


Innate Abilities, Weirdness & Mutations

You are immune to sickness and miasma.
Your stone body is resilient. (AC +9)
You are immune to poison.
You resist negative energy. (rN+)
You are resistant to electric shocks. (rElec)
You are resistant to unholy torment.
You are immune to petrification.


Message History

Unknown command.
You feel much better. The steelbarb worm hits you!!
* * * LOW HITPOINT WARNING * * *
Barbed spikes become lodged in your body.
Unknown command.
Aiming: Upheaval
Press: ? - help, Dir - move target, f/p - entropy weaver
Aim: an entropy weaver (almost dead) Magma suddenly erupts from the ground!
The blast of magma engulfs the emperor scorpion!!!
The emperor scorpion is almost dead.
The blast of magma engulfs the entropy weaver!!
You kill the entropy weaver!
Qazlal accepts your kill. You block the steelbarb worm's attack.
Your Maces & Flails skill increases to level 16!
Unknown command.
Unknown command.
Unknown command.
Unknown command.
Aiming: Upheaval
Press: ? - help, Dir - move target The ground shakes violently, spewing rubble!
The blast of rubble hits the emperor scorpion but does no damage.
The emperor scorpion is almost dead.
The steelbarb worm hits you!
* * * LOW HITPOINT WARNING * * *
Barbed spikes become lodged in your body.
Unknown command.
Unknown command.
Unknown command.
Aiming: Upheaval
Press: ? - help, Dir - move target A blizzard blasts the area with ice!
The blast of ice hits the emperor scorpion!
You kill the emperor scorpion!
Qazlal accepts your kill.
You hear a deafening roar!
The steelbarb worm hits you!
You die... ▓▓▓▓▓ B..BB

▓▓▓▓▓▓♣♣♣♣♣♣♣♣♣♣▓▓▓▓▓▓▓▓▓▓▓▓▓▓▓▓▓
...........[....@w...............
▓▓▓▓▓▓▓▓▓▓▓▓▓▓▓▓▓▓▓▓▓▓▓▓▓▓▓▓▓▓▓▓▓
...)))))'..........[[[[.[[[.)))))
▓▓▓▓▓▓▓▓▓▓▓▓▓▓▓▓▓▓▓▓▓▓▓▓▓▓▓▓▓▓▓▓▓
.................................
▓▓▓▓▓▓▓▓▓▓▓▓▓▓▓▓▓▓▓▓▓▓▓▓▓▓▓▓▓▓▓▓▓
∩[∩.∩..))))...........)'[...).)))
▓▓▓▓▓▓▓▓▓▓▓▓▓▓▓▓▓▓▓▓▓▓▓▓▓▓▓▓▓▓▓▓▓
.................................


You could see a steelbarb worm.

Vanquished Creatures
  Frances (D)
  A tengu reaver (D)
  A fire giant (D)
  An emperor scorpion (D)
  A broodmother (D)
  Azrael (D)
  Snorg (D)
  3 ettins (D)
  An entropy weaver (D)
  2 hydras (D)
  3 ogre magi (D)
  A centaur warrior (D)
  Erica (D)
  A deep troll shaman (D)
  6 two-headed ogres (D)
  An occultist (D)
  An orc high priest (D)
  A sun moth (D)
  A lindwurm (D)
  A steelbarb worm (D)
  A deep elf pyromancer (D)
  3 orc knights (D)
  An ugly thing (D)
  3 cyclopes (D)
  An elephant (shapeshifter) (D)
  A black mamba (D)
  2 cane toads (D)
  A rime drake (D)
  A yaktaur (D)
  A komodo dragon (D)
  A troll (D)
  3 polar bears (D)
  5 tyrant leeches (D)
  A shadow (D)
  A slime creature (D)
  A yak (D)
  2 basilisks (D)
  A fire elemental (D)
  4 hell hounds (D)
  5 water moccasins (D)
  An ice beast (D)
  A laughing skull (D)
  8 orc warriors (D)
  4 ogres (D)
  A boggart (D)
  A wolf (D)
  A centaur (D)
  A kobold brigand (D)
  A bullfrog (D)
  A scorpion (D)
  A wight (D)
  A killer bee (D)
  A howler monkey (D)
  An orc priest (D)
  An orc wizard (D)
  An adder (D)
  A shadow imp (D)
  2 ribbon worms (D)
  12 orcs (D)
  An endoplasm (D)
  A giant cockroach (D)
  A hobgoblin (D)
  2 kobolds (D)
115 creatures vanquished.

Notes
Turn   | Place    | Note
-------+----------+-------------------------------------------
     0 | D        | Groucho the Gargoyle Fighter began the quest for the Orb.
     0 | D        | Reached XP level 1. HP: 14/14 MP: 1/1
     9 | D        | Reached skill level 1 in Invocations
    30 | D        | Noticed an ice beast
    30 | D        | Noticed a scorpion
    33 | D        | Reached XP level 2. HP: 20/20 MP: 3/3
    45 | D        | Killed a scorpion
    46 | D        | Reached skill level 5 in Fighting
    46 | D        | Reached skill level 5 in Armour
    46 | D        | Reached skill level 5 in Shields
    46 | D        | Reached XP level 3. HP: 26/26 MP: 3/5
    46 | D        | Reached XP level 4. HP: 31/31 MP: 3/6
    47 | D        | Killed an ice beast
    48 | D        | Reached skill level 5 in Maces & Flails
    48 | D        | Reached XP level 5. HP: 36/36 MP: 3/8
    58 | D        | Reached skill level 5 in Invocations
   299 | D        | Found a snail-covered altar of Cheibriados.
   299 | D        | Found a shadowy altar of Dithmenos.
   299 | D        | Found a white marble altar of Elyvilon.
   299 | D        | Found a blossoming altar of Fedhas.
   299 | D        | Found an opulent altar of Gozag.
   300 | D        | Found a hazy altar of Hepliaklqana.
   301 | D        | Found a viscous altar of Jiyva.
   302 | D        | Found an ancient bone altar of Kikubaaqudgha.
   303 | D        | Found a corrupted altar of Lugonu.
   304 | D        | Found a burning altar of Makhleb.
   305 | D        | Found a sparkling altar of Nemelex Xobeh.
   306 | D        | Found an iron altar of Okawaru.
   307 | D        | Found a stormy altar of Qazlal.
   308 | D        | Found a sacrificial altar of Ru.
   309 | D        | Found a shimmering blue altar of Sif Muna.
   310 | D        | Found a bloodstained altar of Trog.
   311 | D        | Found a hide-covered altar of Uskayaw.
   312 | D        | Found a radiant altar of Vehumet.
   313 | D        | Found an ornate altar of the Wu Jian Council.
   314 | D        | Found a shimmering altar of Xom.
   315 | D        | Found a basalt altar of Yredelemnul.
   316 | D        | Found a glowing silver altar of Zin.
   319 | D        | Became a worshipper of Qazlal Stormbringer
   322 | D        | Found a glowing golden altar of the Shining One.
   375 | D        | Noticed a centaur
   375 | D        | Noticed a shadow
   375 | D        | Noticed a kobold brigand
   383 | D        | Killed a kobold brigand
   384 | D        | Reached XP level 6. HP: 42/42 MP: 8/10
   388 | D        | Killed a shadow
   388 | D        | Reached * piety under Qazlal
   389 | D        | Reached XP level 7. HP: 41/48 MP: 8/12
   397 | D        | Reached ** piety under Qazlal
   403 | D        | Noticed a slime creature
   403 | D        | Noticed a cyclops
   403 | D        | Noticed a cyclops
   403 | D        | Noticed a troll
   403 | D        | Noticed a basilisk
   403 | D        | Noticed a brown ugly thing
   412 | D        | Killed a brown ugly thing
   413 | D        | Reached XP level 8. HP: 49/56 MP: 10/14
   422 | D        | Killed a troll
   425 | D        | Killed a cyclops
   425 | D        | Reached *** piety under Qazlal
   426 | D        | Reached skill level 10 in Fighting
   426 | D        | Reached skill level 10 in Armour
   426 | D        | Reached skill level 10 in Shields
   428 | D        | Killed a slime creature
   434 | D        | Killed a cyclops
   435 | D        | Reached XP level 9. HP: 22/63 MP: 14/16
   991 | D        | Noticed a polar bear
   996 | D        | Noticed a polar bear
   999 | D        | Reached skill level 10 in Invocations
  1001 | D        | Noticed a polar bear
  1003 | D        | Reached **** piety under Qazlal
  1010 | D        | Noticed a rime drake
  1018 | D        | Killed a polar bear
  1019 | D        | Reached skill level 10 in Maces & Flails
  1032 | D        | Killed a polar bear
  1032 | D        | Reached ***** piety under Qazlal
  1039 | D        | Killed a polar bear
  1042 | D        | Killed a rime drake
  1043 | D        | Reached XP level 10. HP: 35/71 MP: 18/18
  1466 | D        | Noticed a black mamba
  1466 | D        | Noticed a seven-headed hydra
  1474 | D        | Killed a seven-headed hydra
  1474 | D        | Killed a black mamba
  1475 | D        | Noticed a cane toad
  1477 | D        | Noticed a cane toad
  1498 | D        | Killed a cane toad
  1501 | D        | Killed a cane toad
  1545 | D        | Noticed a lindwurm
  1562 | D        | Reached ****** piety under Qazlal
  1566 | D        | Killed a lindwurm
  1567 | D        | Reached XP level 11. HP: 22/78 MP: 5/20
  2180 | D        | Noticed Erica
  2183 | D        | Killed Erica
  2399 | D        | Noticed an orc knight
  2399 | D        | Noticed an orc knight
  2407 | D        | Noticed an orc high priest
  2410 | D        | Killed an orc knight
  2410 | D        | Noticed an orc knight
  2411 | D        | Killed an orc knight
  2414 | D        | Killed an orc high priest
  2475 | D        | Killed an orc knight
  2720 | D        | Found Aschusue's Armour Boutique.
  2720 | D        | Noticed an ogre mage
  2720 | D        | Noticed a two-headed ogre
  2720 | D        | Noticed a two-headed ogre
  2721 | D        | Noticed an ogre mage
  2725 | D        | Killed a two-headed ogre
  2726 | D        | Noticed a two-headed ogre
  2729 | D        | Killed a two-headed ogre
  2730 | D        | Found Yloehoc's Armour Shop.
  2730 | D        | Noticed an ogre mage
  2740 | D        | Killed an ogre mage
  2749 | D        | Killed an ogre mage
  2752 | D        | Killed a two-headed ogre
  2753 | D        | Reached skill level 15 in Fighting
  2753 | D        | Reached skill level 15 in Armour
  2753 | D        | Reached skill level 15 in Shields
  2753 | D        | Reached XP level 12. HP: 74/87 MP: 15/23
  2758 | D        | Killed an ogre mage
  2759 | D        | Found Quniloy's Jewellery Boutique.
  2762 | D        | Noticed a two-headed ogre
  2763 | D        | Found Romo's Distillery.
  2763 | D        | Noticed a two-headed ogre
  2767 | D        | Noticed a two-headed ogre
  2775 | D        | Killed a two-headed ogre
  2779 | D        | Killed a two-headed ogre
  2780 | D        | Reached skill level 15 in Invocations
  2781 | D        | Killed a two-headed ogre
  2836 | D        | Bought an amulet of the acrobat for 360 gold pieces
  2836 | D        | Bought a ring of willpower for 300 gold pieces
  2850 | D        | Bought the +0 cloak of Malioqi {Will- Str+9 Int+6} for 504
                  | gold pieces
  2860 | D        | Bought a +2 hat for 208 gold pieces
  2907 | D        | Bought a +1 plate armour of willpower for 350 gold pieces
  2925 | D        | Bought 2 potions of heal wounds for 120 gold pieces
  2925 | D        | Bought a potion of might for 48 gold pieces
  3054 | D        | Got the +4 plate armour "Loplicem" {rPois MP+9 Str+3}
  3089 | D        | Noticed a centaur warrior
  3091 | D        | Noticed a six-headed hydra
  3098 | D        | Noticed a tengu reaver
  3100 | D        | Killed a centaur warrior
  3102 | D        | Killed a six-headed hydra
  3103 | D        | Noticed an occultist
  3104 | D        | Noticed an ettin
  3106 | D        | Noticed an ettin
  3108 | D        | Noticed an ettin
  3111 | D        | Killed an occultist
  3111 | D        | Noticed a deep troll shaman
  3115 | D        | Killed a tengu reaver
  3127 | D        | Killed an ettin
  3128 | D        | Reached skill level 15 in Maces & Flails
  3133 | D        | Killed an ettin
  3133 | D        | Noticed a fire giant
  3135 | D        | Killed a deep troll shaman
  3137 | D        | Killed an ettin
  3138 | D        | Reached XP level 13. HP: 54/95 MP: 2/25
  3147 | D        | Killed a fire giant
  3542 | D        | Noticed Azrael
  3552 | D        | Killed Azrael
  3553 | D        | Reached skill level 1 in Dodging
  3939 | D        | Noticed Snorg
  3942 | D        | Killed Snorg
  4011 | D        | Noticed Frances
  4022 | D        | Killed Frances
  4260 | D        | Noticed an emperor scorpion
  4260 | D        | Noticed an entropy weaver
  4260 | D        | Noticed a broodmother
  4261 | D        | Noticed an entropy weaver
  4275 | D        | Killed a broodmother
  4334 | D        | Killed an entropy weaver
  4336 | D        | Killed an emperor scorpion
  4336 | D        | Slain by a steelbarb worm

Illustrated notes

Levels and vault maps discovered:
D:        linesprint [early_d, line_temple, items_1, d_10, items_2, lair_1,
          lair_end, items_3, orc_1, orc_end, items_4, d_15, swamp_1, shoals_1,
          snake_1, spider_1, d_20, vaults_1, items_5, swamp_end, shoals_end,
          snake_end, spider_end, vaults_end, d_27, items_6, zot_1, zot_end,
          crypt_end, forest_end, elf_end, slime_end, tomb_end, abyss_end,
          pan_hell_end]

Skill      XL: |  1  2  3  4  5  6  7  8  9 10 11 12 13 |
---------------+----------------------------------------+-----
Invocations    | 2 3 4 5 7 8 9 11 12 14 16 17 | 17.1
Fighting       | 4 5 6 7 9 10 11 13 15 16 17 | 17.5
Armour         | 4 5 6 7 9 10 11 13 15 16 17 | 17.5
Shields        | 4 5 6 7 9 10 11 13 15 16 17 | 17.4
Maces & Flails | 3 5 6 8 9 10 12 13 15 16 | 16.0
Dodging        | 3 |  3.5

Action                     |  1- 3 |  4- 6 |  7- 9 | 10-12 | 13-15 || total
---------------------------+-------+-------+-------+-------+-------++-------
  Melee: Flail             |    20 |    15 |       |       |       ||    35
         Morningstar       |       |    10 |    87 |   206 |    38 ||   341
 Invoke: Upheaval          |       |       |       |    30 |    19 ||    49
    Use: Potion            |     2 |     3 |       |     2 |     5 ||    12
         Scroll            |       |       |       |       |     1 ||     1
   Stab: Invisible         |       |     2 |     4 |       |       ||     6
 Armour: Scale mail        |    15 |    10 |       |       |       ||    25
         Chain mail        |       |     6 |    61 |    78 |       ||   145
         Plate armour      |       |       |       |    23 |    57 ||    80
  Dodge: Dodged            |    10 |     4 |    33 |    56 |    20 ||   123
         Repelled          |       |       |       |       |     1 ||     1
  Block: Buckler           |       |     2 |    55 |    94 |    33 ||   184
